ESL (28 & UNDER)
KINGSTON IGUANAS @ READING RAINBOWS
09/21/2025
 
TOP OF THE 1ST
Kingston Iguanas batting - Pitching for Reading Rainbows : RHP Ramón Quintero
Pitching: RHP Ramón Quintero
Batting: RHB Salvador Vega 0-0: Ball
1-0: Called Strike
1-1: Ball
2-1: Ball
3-1: Base on Balls
Batting: LHB Juan Romero 0-0: Fielders Choice at 2nd, 1-6 (Groundball, 13)
Batting: RHB Luis Aguilar 0-0: Ball
1-0: Foul Ball, location: 2F
1-1: Ball
2-1: Called Strike
2-2: Ball
3-2: Fly out, F7 (Flyball, 7D)
Batting: SHB Pepe Piña 0-0: Called Strike
0-1: Ball
1-1: Ball
2-1: SINGLE (Line Drive, 6D)
Juan Romero to second
Batting: LHB Bob Greene 0-0: Called Strike
0-1: Ball
1-1: Foul Ball, location: 2F
1-2: Ball
2-2: Strikes out swinging
Top of the 1st over - 0 run(s), 1 hit(s), 0 error(s), 2 left on base; Kingston 0 - Reading 0
BOTTOM OF THE 1ST
Reading Rainbows batting - Pitching for Kingston Iguanas : RHP Fernando Castillo
Pitching: RHP Fernando Castillo
Batting: LHB Miguel Colón 0-0: Called Strike
0-1: Swinging Strike
0-2: Ball
1-2: Ground out U3 (Groundball, 3L)
Batting: LHB Alfonso Ruíz 0-0: Swinging Strike
0-1: Ball
1-1: Ball
2-1: Called Strike
2-2: Ball
3-2: Ground out 4-3 (Groundball, 4M)
Batting: RHB Dan Banks 0-0: Called Strike
0-1: Fly out, F8 (Flyball, 8LD)
Bottom of the 1st over - 0 run(s), 0 hit(s), 0 error(s), 0 left on base; Kingston 0 - Reading 0
TOP OF THE 2ND
Kingston Iguanas batting - Pitching for Reading Rainbows : RHP Ramón Quintero
Batting: RHB Diego Francisco 0-0: Called Strike
0-1: Foul Ball, location: 2F
0-2: Foul Ball, location: 2F
0-2: Foul Ball, location: 2F
0-2: Strikes out looking
Batting: RHB Ken MacDonald 0-0: Ball
1-0: Ball
2-0: Called Strike
2-1: Swinging Strike
2-2: Foul Ball, location: 2F
2-2: Ball
3-2: Foul Ball, location: 2F
3-2: Strikes out looking
Batting: RHB Mike Johnson 0-0: Foul Ball, location: 2F
0-1: Swinging Strike
0-2: Strikes out looking
Top of the 2nd over - 0 run(s), 0 hit(s), 0 error(s), 0 left on base; Kingston 0 - Reading 0
BOTTOM OF THE 2ND
Reading Rainbows batting - Pitching for Kingston Iguanas : RHP Fernando Castillo
Batting: RHB Germano Labrego 0-0: Ball
1-0: Swinging Strike
1-1: Ball
2-1: Ball
3-1: Foul Ball, location: 2F
3-2: Fly out, F5 (Line Drive, 56S)
Batting: LHB Eduardo Rodríguez 0-0: Ground out 4-3 (Groundball, 4)
Batting: RHB Albert Lutz 0-0: Foul Ball, location: 2F
0-1: Fly out, F8 (Flyball, 8RS)
Bottom of the 2nd over - 0 run(s), 0 hit(s), 0 error(s), 0 left on base; Kingston 0 - Reading 0
TOP OF THE 3RD
Kingston Iguanas batting - Pitching for Reading Rainbows : RHP Ramón Quintero
Batting: LHB Tom Young 0-0: Ball
1-0: Bunt for hit - play at first, batter safe!
Batting: RHB Salvador Vega 0-0: Ball
1-0: Ball
2-0: Foul Ball, location: 2F
2-1: Foul Ball, location: 2F
2-2: Ground out 6-3 (Groundball, 6S)
Tom Young to second
Batting: LHB Juan Romero 0-0: Ball
1-0: Foul Ball, location: 2F
1-1: Ball
2-1: 2-RUN HOME RUN (Flyball, 9D), Distance : 364 ft
Batting: RHB Luis Aguilar 0-0: Ball
1-0: Ball
2-0: Ball
3-0: Base on Balls
Batting: SHB Pepe Piña 0-0: Swinging Strike
0-1: Ball
1-1: Ball
2-1: Foul Ball, location: 2F
2-2: Foul Ball, location: 2F
2-2: Strikes out looking
Batting: LHB Bob Greene 0-0: Ball
1-0: Called Strike
1-1: Foul Ball, location: 2F
1-2: Fly out, F7 (Flyball, 78XD)
Top of the 3rd over - 2 run(s), 2 hit(s), 0 error(s), 1 left on base; Kingston 2 - Reading 0
BOTTOM OF THE 3RD
Reading Rainbows batting - Pitching for Kingston Iguanas : RHP Fernando Castillo
Batting: RHB Ron King 0-0: Ball
1-0: Ball
2-0: Called Strike
2-1: Ball
3-1: Base on Balls
Batting: LHB Wally Coker 0-0: Called Strike
0-1: Ball
1-1: Grounds into double play, 5-4-3 (Groundball, 5)
Batting: RHB Donald Sanford 0-0: Ball
1-0: DOUBLE (Flyball, 7LS)
Batting: LHB Miguel Colón 0-0: Ball
1-0: Called Strike
1-1: Ball
2-1: Ball
3-1: Swinging Strike
3-2: 2-RUN HOME RUN (Flyball, 89XD), Distance : 411 ft
Batting: LHB Alfonso Ruíz 0-0: Called Strike
0-1: SINGLE (Line Drive, 34)
Batting: RHB Dan Banks 0-0: Ball
1-0: Fielders Choice at 2nd, U6 (Groundball, 6M)
Bottom of the 3rd over - 2 run(s), 3 hit(s), 0 error(s), 1 left on base; Kingston 2 - Reading 2
TOP OF THE 4TH
Kingston Iguanas batting - Pitching for Reading Rainbows : RHP Ramón Quintero
Batting: RHB Diego Francisco 0-0: SINGLE (Flyball, 8RS)
Batting: RHB Ken MacDonald 0-0: Grounds into double play, 1-6-3 (Groundball, 15)
Batting: RHB Mike Johnson 0-0: Swinging Strike
0-1: Foul Ball, location: 2F
0-2: Ball
1-2: Strikes out swinging
Top of the 4th over - 0 run(s), 1 hit(s), 0 error(s), 0 left on base; Kingston 2 - Reading 2
BOTTOM OF THE 4TH
Reading Rainbows batting - Pitching for Kingston Iguanas : RHP Fernando Castillo
Batting: RHB Germano Labrego 0-0: Called Strike
0-1: Foul Ball, location: 2F
0-2: Ground out 6-3 (Groundball, 6M)
Batting: LHB Eduardo Rodríguez 0-0: Called Strike
0-1: DOUBLE (Groundball, 3L)
Batting: RHB Albert Lutz 0-0: Ball
1-0: Called Strike
1-1: Ball
2-1: Ball
3-1: Ground out 5-3 (Groundball, 56)
Batting: RHB Ron King 0-0: Ball
1-0: Ball
2-0: Called Strike
2-1: Ground out 6-3 (Groundball, 6)
Bottom of the 4th over - 0 run(s), 1 hit(s), 0 error(s), 1 left on base; Kingston 2 - Reading 2
TOP OF THE 5TH
Kingston Iguanas batting - Pitching for Reading Rainbows : RHP Ramón Quintero
Batting: LHB Tom Young 0-0: Ball
1-0: Foul Ball, location: 2F
1-1: Ball
2-1: Called Strike
2-2: Strikes out looking
Batting: RHB Salvador Vega 0-0: Bunt for hit - play at first, batter OUT! 5-3
Batting: LHB Juan Romero 0-0: Ball
1-0: Fly out, F8 (Flyball, 8RS)
Top of the 5th over - 0 run(s), 0 hit(s), 0 error(s), 0 left on base; Kingston 2 - Reading 2
BOTTOM OF THE 5TH
Reading Rainbows batting - Pitching for Kingston Iguanas : RHP Fernando Castillo
Batting: LHB Wally Coker 0-0: DOUBLE (Line Drive, 3L)
Batting: RHB Donald Sanford 0-0: Ball
1-0: Called Strike
1-1: Swinging Strike
1-2: Strikes out swinging
Batting: LHB Miguel Colón 0-0: Intentional Walk
Batting: LHB Alfonso Ruíz 0-0: Foul Ball, location: 2F
0-1: Fielders Choice at 2nd, 6-4 (Groundball, 6)
Wally Coker to third
Batting: RHB Dan Banks 0-0: Ball
1-0: Swinging Strike
1-1: Fly out, F2 (Popup, 2L)
Bottom of the 5th over - 0 run(s), 1 hit(s), 0 error(s), 2 left on base; Kingston 2 - Reading 2
TOP OF THE 6TH
Kingston Iguanas batting - Pitching for Reading Rainbows : RHP Ramón Quintero
Batting: RHB Luis Aguilar 0-0: Called Strike
0-1: Ground out 5-3 (Groundball, 56)
Batting: SHB Pepe Piña 0-0: Swinging Strike
0-1: Ball
1-1: Foul Ball, location: 2F
1-2: Strikes out swinging
Batting: LHB Bob Greene 0-0: Ball
1-0: Ball
2-0: Ball
3-0: Base on Balls
Batting: RHB Diego Francisco 0-0: Ball
1-0: Ball
2-0: Called Strike
2-1: Swinging Strike
2-2: Foul Ball, location: 2F
2-2: Strikes out swinging
Top of the 6th over - 0 run(s), 0 hit(s), 0 error(s), 1 left on base; Kingston 2 - Reading 2
BOTTOM OF THE 6TH
Reading Rainbows batting - Pitching for Kingston Iguanas : RHP Fernando Castillo
Batting: RHB Germano Labrego 0-0: Ball
1-0: Ball
2-0: Fly out, F7 (Flyball, 78M)
Batting: LHB Eduardo Rodríguez 0-0: Ground out 1-3 (Groundball, 23)
Batting: RHB Albert Lutz 0-0: Ground out 5-3 (Groundball, 56)
Bottom of the 6th over - 0 run(s), 0 hit(s), 0 error(s), 0 left on base; Kingston 2 - Reading 2
TOP OF THE 7TH
Kingston Iguanas batting - Pitching for Reading Rainbows : RHP Ramón Quintero
Pitching: LHP Robby Hall
Pinch Hitting: RHB Tim Davis 0-0: Ball
1-0: Ball
2-0: Ball
3-0: Base on Balls
Pinch Hitting: RHB William Duncan 0-0: Ball
1-0: Grounds into double play, 6-4-3 (Groundball, 6)
Pinch Hitting: RHB Bobby Armstrong 0-0: SINGLE (Line Drive, 7S)
Batting: RHB Salvador Vega 0-0: Foul Ball, location: 2F
0-1: Ball
1-1: Fly out, F6 (Popup, 5DF)
Top of the 7th over - 0 run(s), 1 hit(s), 0 error(s), 1 left on base; Kingston 2 - Reading 2
BOTTOM OF THE 7TH
Reading Rainbows batting - Pitching for Kingston Iguanas : RHP Fernando Castillo
Now at 3B: Bobby Armstrong
Now in LF: Tim Davis
Now in CF: William Duncan
Pinch Hitting: RHB Wyatt McKinnon 0-0: Ball
1-0: Called Strike
1-1: Ball
2-1: Fly out, F9 (Flyball, 9D)
Batting: LHB Wally Coker 0-0: SINGLE (Groundball, 34D)
Pinch Hitting: LHB Shane Lynch 0-0: Swinging Strike
0-1: Ball
1-1: Called Strike
1-2: Ball
2-2: Foul Ball, location: 2F
2-2: Fielders Choice at 2nd, 1-6 (Groundball, 15S)
Batting: LHB Miguel Colón 0-0: Called Strike
0-1: 2-RUN HOME RUN (Flyball, 89XD), Distance : 400 ft
Batting: LHB Alfonso Ruíz 0-0: Ball
1-0: Ground out 6-3 (Groundball, 6)
Bottom of the 7th over - 2 run(s), 2 hit(s), 0 error(s), 0 left on base; Kingston 2 - Reading 4
TOP OF THE 8TH
Kingston Iguanas batting - Pitching for Reading Rainbows : LHP Robby Hall
Now at C: Louis Smith
Now at 2B: Kyle Hollingsworth
Now at SS: Tim Davis
Batting: LHB Juan Romero 0-0: Called Strike
0-1: Ground out 4-3 (Groundball, 4)
Batting: RHB Luis Aguilar 0-0: SINGLE (Line Drive, 56)
Batting: SHB Pepe Piña 0-0: Ball
1-0: Called Strike
1-1: Called Strike
1-2: SINGLE (Line Drive, 78M)
Luis Aguilar to second
Batting: LHB Bob Greene 0-0: Called Strike
0-1: Swinging Strike
0-2: Ball
1-2: Fly out, F9 (Line Drive, 9D)
Runner from 2nd tags up, SAFE at 3rd, no throw
Pitching: RHP Alden Parker
Batting: RHB Diego Francisco 0-0: Called Strike
0-1: Ball
1-1: Foul Ball, location: 2F
1-2: Ball
2-2: Strikes out swinging
Top of the 8th over - 0 run(s), 2 hit(s), 0 error(s), 2 left on base; Kingston 2 - Reading 4
BOTTOM OF THE 8TH
Reading Rainbows batting - Pitching for Kingston Iguanas : RHP Fernando Castillo
Batting: RHB Dan Banks 0-0: Ball
1-0: Foul Ball, location: 2F
1-1: Ball
2-1: Ground out U3 (Groundball, 3)
Batting: RHB Germano Labrego 0-0: DOUBLE (Line Drive, 7LM)
Batting: LHB Eduardo Rodríguez 0-0: Intentional Walk
Pitching: RHP Jesús Gonzáles
Batting: RHB Albert Lutz 0-0: Called Strike
0-1: Ball
1-1: Ball
2-1: Ball
3-1: Foul Ball, location: 2F
3-2: Foul Ball, location: 2F
3-2: Foul Ball, location: 2F
3-2: SINGLE (Groundball, 34D)
Germano Labrego to third
Eduardo Rodríguez to second
Pinch Hitting: RHB Von Ford 0-0: Foul Ball, location: 2F
0-1: Ball
1-1: Called Strike
1-2: Ball
2-2: Foul Ball, location: 2F
2-2: Strikes out swinging
Batting: RHB Louis Smith 0-0: Hit by Pitch
Germano Labrego scores
Eduardo Rodríguez to third
Albert Lutz to second
Pinch Hitting: LHB Richard Henry 0-0: Ball
1-0: Ball
2-0: Fly out, F8 (Flyball, 8LS)
Bottom of the 8th over - 1 run(s), 2 hit(s), 0 error(s), 3 left on base; Kingston 2 - Reading 5
TOP OF THE 9TH
Kingston Iguanas batting - Pitching for Reading Rainbows : RHP Alden Parker
Pitching: RHP Chris Lee
Now at 2B: Von Ford
Now at SS: José Rivera
Batting: RHB Tim Davis 0-0: Called Strike
0-1: Called Strike
0-2: Strikes out swinging
Batting: RHB William Duncan 0-0: Foul Ball, location: 2F
0-1: Called Strike
0-2: Foul Ball, location: 2F
0-2: Foul Ball, location: 2F
0-2: Ball
1-2: Strikes out swinging
Batting: RHB Bobby Armstrong 0-0: Ball
1-0: Ground out 1-3 (Groundball, 15)
Top of the 9th over - 0 run(s), 0 hit(s), 0 error(s), 0 left on base; Kingston 2 - Reading 5
This league is powered by Out of the Park Baseball, the baseball management simulation game for PC, Mac and Linux
Tuesday, August 2nd, 2016 - OOTP Baseball 16.8 Build 38